 Dungeon Crawl Stone Soup version 0.24-a0-619-gb7544fd (webtiles) character file.

Game seed: 1830354358325156612, levelgen mode: deterministic

57 DrKleor the Slasher (level 4, -6/29 HPs)
             Began as an Octopode Gladiator on Sept 16, 2019.
             Killed from afar by Ijyb (24 damage)
             ... with a bolt of acid
             ... on level 2 of the Dungeon.
             The game lasted 00:03:01 (1083 turns).

DrKleor the Slasher (Octopode Gladiator)            Turns: 1083, Time: 00:03:02

Health: -6/29      AC:  1    Str: 13    XL:     4   Next: 0%
Magic:  4/4        EV: 14    Int: 10    God:
Gold:   119        SH:  0    Dex: 14    Spells: 3/3 levels left

rFire    . . .     SeeInvis .   a - +0 long sword
rCold    . . .     Gourm    .   (no shield)
rNeg     . . .     Faith    .   b - +0 hat
rPois    .         Spirit   .   (no amulet)
rElec    .         Reflect  .   (no ring)
rCorr    .         Harm     .   (no ring)
MR       .....                  (no ring)
Stlth    ++........             (no ring)
HPRegen  0.09/turn              (no ring)
MPRegen  0.09/turn              (no ring)
                                (no ring)
                                (no ring)

@: no status effects
A: almost no armour, stealthy swim, amphibious, 8 rings, constrict 8, camouflage
1, gelatinous body 1
a: no special abilities


You were on level 2 of the Dungeon.
You were hungry.

You visited 1 branch of the dungeon, and saw 2 of its levels.

You collected 119 gold pieces.

Inventory:

Hand Weapons
 a - a +0 long sword (weapon)
Missiles
 c - 3 throwing nets (quivered)
Armour
 b - a +0 hat (worn)
Jewellery
 n - a +2 ring of strength {unknown}
Scrolls
 f - a scroll of enchant weapon {unknown}
 g - a scroll of random uselessness {unknown}
 h - 3 scrolls of identify {unknown}
 i - 2 scrolls of fear {unknown}
 k - a scroll of enchant armour {unknown}
 l - a scroll of noise {unknown}
 o - a scroll of teleportation {unknown}
 q - a scroll of remove curse {unknown}
Potions
 e - 2 potions of lignification {unknown}
 j - a potion of resistance {unknown}
 m - a potion of degeneration {unknown}
 p - a potion of curing {unknown}
Comestibles
 d - 3 rations


   Skills:
 - Level 2.0 Fighting
 + Level 3.9 Long Blades
 + Level 3.2 Throwing
 - Level 3.0 Dodging


You had 3 spell levels left.
You didn't know any spells.
Your spell library was empty.

Dungeon Overview and Level Annotations

Branches:
Dungeon (2/15)

Altars:
Sif Muna

Annotations:
D:2 Ijyb, Robin


Innate Abilities, Weirdness & Mutations

You cannot wear most types of armour.
You are very stealthy in the water. (Stealth+)
You are amphibious.
You can wear up to eight rings at the same time.
You can use your tentacles to constrict eight enemies at once.
Your skin changes colour to match your surroundings (Stealth+).
Your rubbery body absorbs attacks. (AC +1, EV +1)


Message History

Ijyb closely misses you.
Items here: ))) †† a +0 club x2; a cursed +0 club; a goblin corpse x2
You closely miss Ijyb. Your grab misses Ijyb. Your squeeze misses Ijyb.
Ijyb zaps a wand.
The bolt of acid misses you.
You barely miss Ijyb. Your grab misses Ijyb. Ijyb misses you.
A goblin comes into view.
You hit Ijyb but do no damage. You grab Ijyb. You squeeze Ijyb.
Ijyb is lightly wounded.
You constrict Ijyb, but do no damage. Ijyb misses you.
Ijyb hits you but does no damage.
You hit Ijyb but do no damage.
Ijyb is lightly wounded.
You constrict Ijyb, but do no damage. Ijyb barely misses you.
You hit Ijyb but do no damage.
Ijyb is lightly wounded.
You constrict Ijyb, but do no damage.
Ijyb zaps a wand.
The bolt of acid hits you!!
Ouch! That really hurt!
You die...

## .. #. ##### #.
##)@g## #.##.###g##
#.#.## ##g## # #
#..## ##g####..#
....##..# #.gg....#
........##
#.......####
########.##
###8.....8##.. .
##.###.#.gg....##.###
##...##8gg...8##.#


You could see Ijyb and 5 goblins.

Vanquished Creatures
  An ooze (D:1)
  A dart slug (D:2)
  A giant cockroach (D:1)
  9 goblins
  6 hobgoblins
  A quokka (D:2)
  3 ball pythons
  6 bats
  5 frilled lizards
  11 kobolds
  3 rats (D:1)
47 creatures vanquished.

Notes
Turn   | Place    | Note
-------+----------+-------------------------------------------
     0 | D:1      | DrKleor the Octopode Gladiator began the quest for the Orb.
     0 | D:1      | Reached XP level 1. HP: 14/14 MP: 1/1
   105 | D:1      | Reached XP level 2. HP: 19/19 MP: 2/2
   359 | D:1      | Reached XP level 3. HP: 24/24 MP: 3/3
   750 | D:2      | Found a shimmering blue altar of Sif Muna.
  1055 | D:2      | Noticed Ijyb
  1055 | D:2      | Noticed Robin
  1077 | D:2      | Reached XP level 4. HP: 18/29 MP: 4/4
  1083 | D:2      | Killed from afar by Ijyb

Levels and vault maps discovered:
D:1:      saegor_arrival_miasma, layout_rooms, minmay_vboxes
D:2:      kennysheep_the_goblin_king, layout_loops_ring, lemuel_blue_sif_altar,
          first_ration, nicolae_underground_beach, uniq_robin

Skill      XL: |  1  2  3 |
---------------+----------+-----
Throwing       | 3 |  3.2
Fighting       | |  2.0
Long Blades    | |  3.9
Dodging        | |  3.0

Action                   |  1- 3 |  4- 6 || total
-------------------------+-------+-------++-------
Melee: Long sword        |    73 |     5 ||    78
       Constrict         |    28 |     1 ||    29
       Tentacles         |    13 |     1 ||    14
 Stab: Sleeping          |    11 |       ||    11
Armor: Skin              |     6 |     1 ||     7
Dodge: Dodged            |    51 |     5 ||    56
       Rpst.: Long sword |    26 |       ||    26

Table legend:
 A = Non-vault XP
 B = Vault XP
 C = Vault XP percentage of total XP
 D = Non-vault monster count
 E = Vault monster count
 F = Vault count percentage of total count
                 A         B        C        D         E       F
            +---------+---------+-------+---------+---------+-------
      Total |      54 |      28 |  34.1 |      34 |      13 |  27.7
            +---------+---------+-------+---------+---------+-------
        D:1 |      33 |      14 |  29.8 |      23 |       6 |  20.7
        D:2 |      21 |      14 |  40.0 |      11 |       7 |  38.9
            +---------+---------+-------+---------+---------+-------
